Map: Ruines d’Endion

Players

spenzer

  • Race: Terran Terran
  • League: Silver
  • Spawn Location: 7:00

zidar - Winner!

  • Race: Zerg Zerg
  • League: Gold
  • Spawn Location: 5:00

VOD

Have the link to the VOD?

Description

Time

  • Played on: June 1, 2016, 11:55 a.m.
  • Length: 15:36
Show
View Real Time Build Order
Export as new Build Order

spenzer Terran 

Build Orders:  

Get SALT Encoding   

  12  0:01  SCV  
  13  0:21  Supply Depot  
  13  0:26  SCV  
  14  0:34  Refinery  
  14  0:45  Barracks  
  14  0:51  SCV  
  15  1:03  SCV  
  16  1:12  Supply Depot  
  16  1:16  SCV  
  17  1:28  SCV  
  17  1:31  Refinery  
  18  1:35  Barracks Reactor  
  18  1:40  SCV  
  18  1:46  Bunker  
  19  1:52  SCV  
  20  2:03  Factory  
  20  2:08  SCV  
  21  2:12  Marine  
  22  2:26  Marine  
  22  2:29  SCV  
  24  2:30  Marine  
  24  2:51  Factory Tech Lab  
  24  2:53  Starport  
  24  2:57  Marine x2  
  26  3:08  Orbital Command  
  26  3:14  Marine x2  
  26  3:19  Siege Tank  
  31  3:31  Starport Reactor  
  31  3:47  Supply Depot  
  31  3:58  Supply Depot  
  31  4:08  Marine x2  
  31  4:09  Siege Tank, Medivac  
  38  4:20  Medivac  
  40  4:26  Marine  
  41  4:41  Command Center  
  41  4:47  Marine x2  
  43  5:05  Marine x2  
  45  5:23  Marine  
  46  5:40  Liberator x2  
  46  5:55  Orbital Command  
  46  5:59  Siege Tank  
  55  6:04  Supply Depot  
  55  6:05  Supply Depot  
  55  6:08  Engineering Bay  
  55  6:22  Liberator  
  55  6:25  Marine  
  55  6:26  Marine  
  47  6:43  Marine x2  
  51  7:10  Marine x2  
  53  7:26  Orbital Command  
  53  7:28  Marine x2  
  48  7:41  Medivac x2  
  52  7:44  Terran Infantry Weapons Level 1  
  52  7:46  Marine x2  
  54  7:54  Barracks  
  54  8:03  Marine  
  54  8:04  Marine  
  54  8:05  Barracks  
  56  8:11  Medivac  
  58  8:21  Marine x2  
  60  8:34  SCV x2  
  60  8:39  Marine x2  
  61  8:46  SCV  
  61  8:47  SCV, Medivac x2  
  67  8:56  Barracks Reactor  
  67  8:57  Marine x2  
  67  8:58  Barracks Reactor  
  67  8:59  SCV x2  
  71  9:05  Barracks  
  71  9:11  SCV x2  
  71  9:15  Marine x2  
  75  9:17  Medivac  
  75  9:23  SCV  
  78  9:38  Terran Infantry Armor Level 1  
  78  9:39  Supply Depot  
  78  9:43  Supply Depot  
  78  9:59  Barracks Tech Lab  
  78  10:00  Marine x2  
  78  10:01  SCV x2  
  82  10:13  SCV x2  
  84  10:15  Marine x2  
  84  10:18  Marine x2  
  81  10:22  Marine x3  
  81  10:25  SCV x2  
  83  10:33  Marine x2, Refinery  
  85  10:36  Marine x2  
  85  10:37  SCV x2  
  85  10:40  Marine x3  
  92  10:51  Marine x2  
  92  10:53  Stimpack  
  94  11:01  Refinery  
  94  11:10  Supply Depot x2  
  94  11:30  Command Center  
  94  11:31  Marine x7  
  101  11:40  SCV x2  
  103  11:49  Marine x7, Armory  
  110  12:12  Engineering Bay  
  110  12:23  Supply Depot  
  110  12:25  Supply Depot  
  110  12:41  Marine x7, SCV, Medivac  
  110  12:42  SCV  
  121  12:53  Combat Shield  
  121  12:54  SCV x3  
  124  12:59  Marine x7  
  131  13:06  SCV x3  
  134  13:17  Marine x7  
  111  13:28  Medivac x2  
  115  13:35  Marine x7  
  122  13:48  Orbital Command  
  122  13:50  Refinery  
  122  13:51  Refinery  
  122  13:52  Marine x7  
  129  13:58  Medivac  
  131  14:10  Marine x4  
  131  14:12  Concussive Shells, Starport x2  
  135  14:20  Missile Turret  
  135  14:21  Missile Turret  
  135  14:23  Missile Turret  
  135  14:42  Marine  
  135  14:43  Marine x2  
  135  14:45  Missile Turret  
  94  14:47  Marine x3  
  94  14:48  Marine  
  46  15:00  Marine x2  
  46  15:06  Marine  
  46  15:07  Marine x3  
Show
View Real Time Build Order
Export as new Build Order

zidar Zerg - Winner!

Build Orders: Hatch First 

Get SALT Encoding   

  12  0:01  Drone  
  13  0:12  Overlord  
  13  0:17  Drone  
  14  0:31  Drone x2  
  14  0:34  Drone  
  17  0:55  Hatchery  
  17  0:57  Drone  
  17  1:00  Extractor  
  17  1:02  Drone  
  17  1:20  Spawning Pool  
  17  1:21  Drone  
  17  1:27  Drone  
  18  1:35  Drone  
  19  1:42  Overlord  
  19  1:50  Drone  
  20  2:02  Drone  
  20  2:08  Metabolic Boost  
  21  2:11  Drone  
  21  2:14  Zergling x2  
  23  2:16  Queen  
  25  2:24  Queen  
  27  2:43  Drone x4  
  27  2:44  Drone x2  
  33  2:58  Zergling x4  
  35  3:05  Pneumatized Carapace  
  35  3:18  Zergling x2  
  36  3:20  Overlord x2  
  36  3:38  Overlord x2  
  36  3:48  Zergling x2  
  36  3:49  Zergling x8  
  36  3:51  Lair  
  36  3:54  Zergling x2  
  42  3:58  Extractor  
  41  4:03  Baneling Nest  
  40  4:10  Drone x4  
  44  4:19  Extractor  
  44  4:20  Extractor  
  42  4:44  Drone x11  
  53  4:48  Centrifical Hooks  
  53  4:52  Baneling x7  
  53  4:58  Zergling x4  
  55  5:21  Zergling x10  
  60  5:28  Spore Crawler  
  59  6:09  Spire  
  59  6:11  Drone x2  
  60  6:25  Hatchery  
  60  6:29  Evolution Chamber  
  60  6:30  Evolution Chamber  
  48  6:46  Spore Crawler  
  47  6:54  Queen  
  46  6:56  Zerg Melee Weapons Level 1  
  46  6:57  Zerg Ground Armor Level 1  
  45  7:49  Corruptor x4  
  45  7:50  Corruptor x3  
  59  7:54  Zergling x16  
  59  7:57  Overlord x2  
  59  7:58  Overlord x2  
  66  8:36  Drone x15  
  81  8:44  Zerg Flyer Weapons Level 1  
  81  8:55  Infestation Pit  
  80  9:01  Queen  
  82  9:03  Hatchery  
  81  9:23  Queen  
  83  9:26  Overlord x3  
  83  9:28  Overlord  
  83  9:33  Zergling x16  
  83  9:34  Zergling x6  
  83  9:37  Baneling  
  83  9:38  Baneling x5  
  94  9:41  Hive  
  94  9:44  Zerg Melee Weapons Level 2  
  94  9:49  Zerg Ground Armor Level 2  
  94  9:58  Spore Crawler  
  87  10:47  Zergling x34  
  87  10:48  Zergling x2  
  105  10:59  Extractor  
  105  11:00  Drone  
  105  11:02  Extractor  
  104  11:35  Zerg Flyer Weapons Level 2  
  104  11:37  Ultralisk Cavern  
  103  12:08  Zerg Melee Weapons Level 3, Zerg Ground Armor Level 3  
  103  12:11  Adrenal Glands  
  103  12:37  Hatchery  
  102  12:58  Drone x11  
  107  13:28  Baneling  
  107  13:29  Baneling x15  
  107  13:35  Chitinous Plating  
  107  13:41  Ultralisk x3  
  119  13:42  Ultralisk  
  131  14:01  Extractor  
  130  14:04  Extractor  
  129  14:16  Overlord x10  
  129  14:17  Overlord  
Tags
 
Add a new tag
Caveats
  • Supply blocks, unpowered buildings, or Contaminate may cause inaccurate times.
  • Supply counts are checked every 10 seconds.